 Dungeon Crawl Stone Soup version 0.13-a0-2527-g93fcdc4 (webtiles) character file.

2971 M4edhros the Covert (level 9, -4/54 HPs)
             Began as an Octopode Artificer on July 25, 2013.
             Was an Initiate of Okawaru.
             Slain by a killer bee (8 damage)
             ... on Level 8 of the Dungeon on July 26, 2013.
             The game lasted 00:18:36 (8985 turns).

M4edhros the Covert (Octopode Artificer)            Turns: 8985, Time: 00:18:36

HP  -4/54        AC  1     Str 10      XL: 9   Next: 57%
MP  13/13        EV 15     Int 17      God: Okawaru [......]
Gold 408         SH  0     Dex 13      Spells:  1 memorised,  4 levels left

Res.Fire  : + + .   See Invis. : .   m - +4 dwarf hand axe (elec)
Res.Cold  : . . .   Warding    : .   (no shield)
Life Prot.: . . .   Conserve   : .   (helmet restricted)
Res.Poison: .       Res.Corr.  : .   w - amulet of faith
Res.Elec. : .       Clarity    : .   s - +3 ring of evasion
Sust.Abil.: . .     Spirit.Shd : .   v - ring of protection from fire
Res.Mut.  : .       Stasis     : .   F - ring of protection from magic
Res.Rott. : .       Flight     : .   G - cursed ring of protection from fire
Saprovore : . . .                    (no ring)
                                     (no ring)
                                     (no ring)
                                     (no ring)

@: invisible, quite resistant to hostile enchantments, extraordinarily stealthy
A: almost no armour, amphibious, 8 rings, constrict 8, camouflage 1, spit poison
1, AC +1
a: Spit Poison, Renounce Religion


You were on level 8 of the Dungeon.
You worshipped Okawaru.
Okawaru was pleased with you.
You were not hungry.

You visited 2 branches of the dungeon, and saw 10 of its levels.

You collected 388 gold pieces.

Inventory:

Hand weapons
 m - a +4,+4 dwarven hand axe of electrocution (weapon)
 t - a +2,+0 sling of flame
Missiles
 a - 16 stones
 k - 23 sling bullets
 n - 7 javelins (quivered)
 y - 2 throwing nets
Magical devices
 b - a wand of flame (3)
 c - a wand of enslavement (0)
 d - a wand of random effects (10)
 C - a wand of digging (14)
Comestibles
 f - 6 bread rations
 g - 5 pears
 q - 2 chokos
 u - a slice of pizza
 B - a snozzcumber
 H - 2 apples
 I - an apricot
Scrolls
 e - 5 scrolls of teleportation
 h - 2 scrolls of identify
 i - a scroll of fog
 o - 4 scrolls of remove curse
 D - 2 scrolls of enchant armour {unknown}
Jewellery
 j - an uncursed amulet of clarity
 s - a +3 ring of evasion (left tentacle)
 v - a ring of protection from fire (right tentacle)
 w - an amulet of faith (around mantle)
 F - a ring of protection from magic (on tentacle)
 G - a cursed ring of protection from fire (on tentacle)
Potions
 l - 2 potions of restore abilities
 r - a potion of curing
 z - a potion of might
 A - a potion of invisibility
Books
 J - a book of the Earth

   Spells                             Type                      Level
   Dig                                Earth                        4
   *Leda's Liquefaction               Hexes/Earth                  4
   Bolt of Magma                      Conjuration/Fire/Earth       5
   Statue Form                        Transmutation/Earth          6
   Iron Shot                          Conjuration/Earth            6
   Shatter                            Earth                        9


   Skills:
 - Level 1.0 Fighting
   Level 1.1 Short Blades
 + Level 7.0 Axes
 - Level 2.0 Dodging
 * Level 14.1 Stealth
 + Level 1.1 Earth Magic
 - Level 3.2 Evocations


You had 4 spell levels left.
You knew the following spells:

 Your Spells              Type           Power        Failure   Level  Hunger
a - Leda's Liquefaction   Hex/Erth       #.........   99%         4    #####..


Dungeon Overview and Level Annotations

Branches:
Dungeon (9/27)             Temple (1/1) D:7
    Orc: D:6-11        Lair: D:8-13

Altars:
Ashenzari
Cheibriados
Elyvilon
Fedhas
Kikubaaqudgha
Makhleb
Nemelex Xobeh
Okawaru
Sif Muna
Trog
Vehumet
Xom
Yredelemnul
Zin
the Shining One


Innate Abilities, Weirdness & Mutations

You cannot wear most types of armour.
You are amphibious.
You can wear up to eight rings at the same time.
You can use your tentacles to constrict many enemies at once.
Your skin changes colour to match your surroundings (Stlth).
Your rubbery body absorbs attacks (AC +1).
You can spit poison.


Message History

The killer bee misses you. The killer bee closely misses you.
The killer bee closely misses you. The killer bee barely misses you.
Your killer bee barely misses the wight.
The killer bee barely misses you. The wight misses your killer bee.
The killer bee closely misses you. The killer bee stings you.
* * * LOW HITPOINT WARNING * * *
Your killer bee stings the wight but does no damage.
The killer bee barely misses you.
You climb upwards.
There is a stone staircase leading down here.
Unknown command.
The killer bee completely misses you. The killer bee closely misses you.
Evoke which item? (* to show all) (? for menu, Esc to quit)
Zapping:
c - a wand of enslavement (1)
Press: ? - help, Shift-Dir - straight line, f - killer bee
Aim: a killer bee The killer bee resists with some effort.
This wand has 0 charges left.
The killer bee stings you!
You die...

#.####.##.......# #.#
................# #.#
................###.#
...............k....#
≈≈≈≈≈≈≈≈≈≈≈≈....k##.#
≈≈≈≈≈≈≈≈≈≈≈≈.....##.#
##########≈≈.###>...##
#;≈.# #k#...#
#≈≈.###@#...#
#≈≈.....#...#
#≈≈.###.#...# #≈≈.#
#.#...#
##########≈≈.###.#..>#
≈;≈≈§§§≈≈≈≈≈...(.##'##
≈≈≈≈§§§≈≈≈≈≈.###.##.#
....§§§§.....# #.##.#
.....§§§.##### #.##.#


You could see 3 killer bees.

Vanquished Creatures
  Grinder (D:4)
  Prince Ribbit (D:4)
  2 ice beasts
  2 sky beasts
  A black bear (D:9)
  A centaur (D:8)
  A phantom (D:4)
  2 ogres
  4 giant frogs
  A crocodile (D:8)
  5 wights (D:8)
  A jellyfish (D:8)
  5 crimson imps
  A goliath beetle (D:4)
  A hound (D:4)
  A giant frog skeleton (D:5)
  2 orc priests
  2 scorpions
  3 orc wizards
  A quasit (D:8)
  5 worker ants
  A killer bee zombie (D:7)
  Ijyb (D:2)
  A jelly (D:5)
  7 adders
  An inept feature mimic (D:4)
  A worm (D:2)
  An adder skeleton (D:5)
  4 giant geckos
  An ooze (D:4)
  17 orcs
  A bat zombie (D:6)
  3 giant cockroaches
  9 goblins
  14 hobgoblins
  3 jackals
  6 kobolds
  A ball python (D:2)
  11 bats
  10 giant newts
  2 goblin skeletons (D:4)
  A hobgoblin skeleton (D:7)
  9 quokkas
  14 rats
162 creatures vanquished.

Vanquished Creatures (collateral kills)
  A centaur (D:9)
  An orc wizard (D:8)
  An orc zombie (D:8)
  A quokka skeleton (D:4)
  A rat (D:3)
5 creatures vanquished.

Vanquished Creatures (others)
  A hound skeleton (D:7)
  An adder (D:6)
2 creatures vanquished.

Grand Total: 169 creatures vanquished

Notes
Turn   | Place    | Note
--------------------------------------------------------------
     0 | D:1      | M4edhros, the Octopode Artificer, began the quest for the Orb.
     0 | D:1      | Reached XP level 1. HP: 14/14 MP: 1/1
   465 | D:1      | Reached XP level 2. HP: 19/19 MP: 3/3
   713 | D:2      | Reached skill level 1 in Axes
   720 | D:2      | Reached XP level 3. HP: 12/24 MP: 4/4
   975 | D:2      | Found a deep blue altar of Sif Muna.
  1035 | D:2      | Noticed Ijyb
  1039 | D:2      | Killed Ijyb
  1039 | D:2      | Reached skill level 4 in Stealth
  1103 | D:2      | Reached XP level 4. HP: 21/29 MP: 6/6
  1315 | D:3      | Reached skill level 5 in Stealth
  1344 | D:3      | Noticed an ice beast
  1394 | D:4      | Noticed Grinder
  1394 | D:4      | Noticed an ogre
  1487 | D:3      | Gained mutation: You can spit poison. [potion of beneficial mutation]
  1517 | D:3      | Killed an ice beast
  1517 | D:3      | Reached skill level 6 in Stealth
  1517 | D:3      | Reached XP level 5. HP: 34/34 MP: 7/7
  1663 | D:4      | Killed Grinder
  1663 | D:4      | Reached skill level 8 in Stealth
  1663 | D:4      | Reached XP level 6. HP: 39/39 MP: 9/9
  1680 | D:4      | Killed an ogre
  1731 | D:4      | Reached XP level 7. HP: 44/44 MP: 10/10
  1886 | D:4      | Noticed a phantom
  1896 | D:4      | Killed a phantom
  1896 | D:4      | Reached skill level 9 in Stealth
  2018 | D:4      | Noticed Prince Ribbit
  3434 | D:4      | Killed Prince Ribbit
  3434 | D:4      | Reached skill level 10 in Stealth
  3434 | D:4      | Reached XP level 8. HP: 50/50 MP: 12/12
  3455 | D:5      | Entered Level 5 of the Dungeon
  3545 | D:5      | Reached skill level 5 in Axes
  3905 | D:5      | Reached skill level 11 in Stealth
  4750 | D:6      | Found a sparkling altar of Nemelex Xobeh.
  4806 | D:6      | Reached skill level 12 in Stealth
  5385 | D:7      | Found a shimmering altar of Xom.
  5552 | D:7      | Reached XP level 9. HP: 50/54 MP: 13/13
  5596 | D:7      | Found a staircase to the Ecumenical Temple.
  5739 | Temple   | Entered the Ecumenical Temple
  5783 | Temple   | Became a worshipper of Warmaster Okawaru
  6546 | D:3      | Reached skill level 13 in Stealth
  7742 | D:8      | Found a blossoming altar of Fedhas.
  7878 | D:8      | Found a shattered altar of Ashenzari.
  8465 | D:8      | Learned a level 4 spell: Leda's Liquefaction
  8966 | D:9      | Reached skill level 14 in Stealth
  8966 | D:9      | Reached skill level 1 in Earth Magic
  8985 | D:8      | Slain by a killer bee

Action                   |  1- 3 |  4- 6 |  7- 9 || total
-------------------------+-------+-------+-------++-------
Melee: Short sword       |    11 |       |       ||    11
       Hand axe          |    42 |    37 |   266 ||   345
Evoke: Wand              |       |     4 |    28 ||    32
  Use: Potion            |       |     6 |    10 ||    16
       Scroll            |       |       |    24 ||    24
 Stab: Sleeping          |     4 |     8 |    35 ||    47
       Distracted        |       |       |     4 ||     4
